 Dungeon Crawl Stone Soup version 0.30-a0-782-ge64f9170bb (webtiles) character file.

Game seed: 13836461224695753572

28646 barkas the Martial Artist (level 13, -8/124 HPs)
             Began as a Naga Transmuter on Feb 18, 2023.
             Was a Follower of Cheibriados.
             Mangled by an Executioner (16 damage)
             ... created by the fury of Makhleb
             ... on level 3 of the Lair of Beasts.
             The game lasted 00:49:34 (19559 turns).

barkas the Martial Artist (Naga Transmuter)        Turns: 19559, Time: 00:49:35

Health: -8/124     AC: 17    Str: 20    XL:     13   Next: 40%
Magic:  19/19      EV:  8    Int: 30    God:    Cheibriados [*.....]
Gold:   326        SH:  0    Dex: 15    Spells: 8/21 levels left

rFire   . . .      SeeInvis +      - Unarmed
rCold   x . .      Faith    .    (no shield)
rNeg    + . .      Spirit   .    z - +2 robe {rN+}
rPois   +          Reflect  .    n - +1 helmet of the Barnacle {+Blink rC- Int+8 Slay+4}
rElec   .          Harm     .    P - +1 cloak
rCorr   +          Rampage  .    M - +0 pair of gloves
Will    +....                    H - +1 barding of the Stone Wall {Regen+ Int+2}
Stlth   ++++                     b - amulet of the acrobat
HPRegen 1.20/turn                t - ring of resist corrosion
MPRegen 0.16/turn                j - +6 ring of strength

@: very slow
A: AC +4, large, see invisible, deformed body, poison resistance, slowness 2,
spit poison 1, naga tail 2
a: Spit Poison, Renounce Religion, Evoke Blink, Bend Time


You were on level 3 of the Lair of Beasts.
You worshipped Cheibriados.
Cheibriados was aware of your devotion.
You visited 3 branches of the dungeon, and saw 16 of its levels.
You visited 1 bazaar.
You also visited: Trove and Ossuary.

You collected 1076 gold pieces.
You spent 750 gold pieces at shops.

Inventory:

Hand Weapons
 m - the +8 arc blade {discharge, rElec}
   (You took it off an orc on level 2 of the Dungeon)

   rElec:     It insulates you from electricity.
Missiles
 c - 4 throwing nets
Armour
 n - the +1 helmet of the Barnacle (worn) {+Blink rC- Int+8 Slay+4}
   (You found it in a treasure trove)

   Int:       It affects your intelligence (+8).
   Slay:      It affects your accuracy & damage with ranged weapons and melee
   (+4).
   rC:        It makes you vulnerable to cold.
   +Blink:    It lets you blink.
 x - the +9 chain mail of the Trombone {rElec rC+ Str+3}
   (You found it on level 6 of the Dungeon)

   Str:       It affects your strength (+3).
   rC:        It protects you from cold.
   rElec:     It insulates you from electricity.
 z - a +2 robe of positive energy (worn)
 H - the +1 barding of the Stone Wall (worn) {Regen+ Int+2}
   (You found it in a treasure trove)

   Int:       It affects your intelligence (+2).
   Regen:     It increases your rate of health regeneration.
 M - a +0 pair of gloves (worn)
 P - a +1 cloak (worn)
 S - a +0 barding of fire resistance
 V - a +3 plate armour of fire resistance
 X - a +10 plate armour of ponderousness
 Y - a +1 scale mail of willpower
Jewellery
 b - an amulet of the acrobat (around neck)
 j - a +6 ring of strength (right hand)
 t - a ring of resist corrosion (left hand)
Wands
 a - a wand of polymorph (10)
 y - a wand of light (13)
 G - a wand of digging (6)
 N - a wand of iceblast (9)
 Q - a wand of flame (23)
Scrolls
 d - 5 scrolls of blinking {unknown}
 g - 3 scrolls of fear {unknown}
 h - a scroll of magic mapping
 i - 2 scrolls of summoning {unknown}
 k - 4 scrolls of noise {unknown}
 l - 2 scrolls of fog {unknown}
 o - a scroll of amnesia {unknown}
 q - a scroll of silence {unknown}
 r - 4 scrolls of teleportation
 D - 3 scrolls of poison {unknown}
 I - 4 scrolls of enchant armour {unknown}
 K - a scroll of identify
 O - a scroll of immolation {unknown}
 R - 3 scrolls of vulnerability {unknown}
Potions
 e - 12 potions of curing
 f - 5 potions of haste
 p - 2 potions of invisibility
 s - 4 potions of flight
 u - a potion of resistance
 v - 4 potions of might
 B - a potion of brilliance
 C - a potion of mutation
 E - 3 potions of berserk rage
 F - 2 potions of attraction
Miscellaneous
 J - a phantom mirror (inert)


   Skills:
 + Level 10.4 Fighting
 - Level 1.5 Dodging
 + Level 9.8 Stealth
 * Level 14.4 Unarmed Combat
 - Level 4.6 Spellcasting
 - Level 7.1 Transmutations
 - Level 5.0 Ice Magic
 - Level 3.0 Poison Magic
 + Level 8.7 Invocations


You had 8 spell levels left.
You knew the following spells:

 Your Spells              Type           Power      Damage    Failure   Level
a - Beastly Appendage     Tmut           98%        N/A       1%          1
b - Wereblood             Tmut           49%        N/A       1%          2
c - Spider Form           Tmut/Pois      37%        N/A       2%          3
d - Frozen Ramparts       Ice            72%        1d11      2%          3
e - Ice Form              Ice/Tmut       43%        N/A       4%          4

Your spell library contained the following spells:

 Spells                   Type           Power      Damage    Failure   Level
 Slow                     Hex            24%        N/A       6%          1
 Hailstorm                Conj/Ice       21%        3d6       7%          3
 Blink                    Tloc           12%        N/A       10%         2
 Lesser Beckoning         Tloc           12%        N/A       10%         2
 Momentum Strike          Conj/Tloc      12%        3d8       10%         2
 Sublimation of Blood     Necr           6%         N/A       10%         2
 Petrify                  Tmut/Erth      28%        N/A       14%         4
 Confusing Touch          Hex            6%         N/A       19%         3
 Stone Arrow              Conj/Erth      12%        3d7       19%         3
 Vampiric Draining        Necr           6%         2d6       19%         3
 Summon Ice Beast         Ice/Summ       21%        N/A       22%         4
 Irradiate                Conj/Tmut      14%        3d16      36%         5
 Borgnjor's Vile Clutch   Necr/Erth      3%         N/A       86%         5
 Simulacrum               Ice/Necr       10%        N/A       98%         6
 Shatter                  Erth           3%         3d7*      100%        9


Dungeon Overview and Level Annotations

Branches:
Dungeon (12/15)            Temple (1/1) D:6            Lair (3/5) D:10
 Shoals (0/4) Lair:2          Orc (0/2) D:11        Ossuary (visited)
  Snake: Lair:2-3    Spider: Lair:2-3

Altars:
Ashenzari
Cheibriados
Dithmenos
Elyvilon
Fedhas
Gozag
Hepliaklqana
Kikubaaqudgha
Makhleb
Nemelex Xobeh
Okawaru
Qazlal
Ru
Sif Muna
Trog
Uskayaw
Vehumet
Wu Jian
Xom
Yredelemnul
Zin
The Shining One

Shops:
D:1 :   D:2 =   D:11 (

Annotations:
D:12 exclusion: fire dragon
Lair:1 exclusion: door


Innate Abilities, Weirdness & Mutations

Your serpentine skin is tough. (AC +4)
You have supernaturally acute eyesight. (SInv)
Armour fits poorly on your strangely shaped body.
Your system is resistant to poisons. (rPois)
You cover ground very slowly.
You can spit poison.
You can use your snake-like lower body to constrict enemies.


Message History

The Executioner hits you!
* * * LOW HITPOINT WARNING * * *
The Executioner hits you but does no damage. x2
The Executioner hits you.
* * * LOW HITPOINT WARNING * * *
The Executioner hits you but does no damage.
The Executioner hits you.
* * * LOW HITPOINT WARNING * * *
You feel much better.
You constrict the Executioner. The Executioner hits you.
* * * LOW HITPOINT WARNING * * *
The Executioner hits you but does no damage. x2
The Executioner hits you!
* * * LOW HITPOINT WARNING * * *
The Executioner barely misses you. x2
A water moccasin comes into view.
The Executioner hits you!
* * * LOW HITPOINT WARNING * * *
The Executioner hits you but does no damage.
The Executioner hits you.
* * * LOW HITPOINT WARNING * * *
You feel much better.
You constrict the Executioner. The Executioner barely misses you.
The Executioner hits you but does no damage. x2
The Executioner barely misses you. x2
The Executioner hits you but does no damage.
The Executioner hits you!
* * * LOW HITPOINT WARNING * * *
The Executioner hits you but does no damage. x2
Aiming: Iceblast
Press: ? - help, Shift-Dir - straight line The mass of ice explodes!
The iceblast engulfs the Executioner!
The Executioner partially resists.
The Executioner is severely wounded.
You constrict the Executioner. The Executioner hits you!
* * * LOW HITPOINT WARNING * * *
The Executioner hits you but does no damage.
The Executioner hits you!
* * * LOW HITPOINT WARNING * * *
The Executioner hits you!
You die...

.......##..#
....#........#####
...................
...S................
...[.................
...........<.........
.........[)......#.....
.......................
...$...@1........<#....
.....................##
.[.....................
................#.....#
.....^.......P.........
.......................
.......................
...........†...........
.......<.........##.


You could see an Executioner (fast, blind) and a water moccasin.

Vanquished Creatures
  A green death (Lair:3)
  2 boulder beetles
  3 two-headed ogres
  5 death yaks
  A skyshark (Lair:3)
  A lindwurm (Lair:3)
  A manticore (D:11)
  4 merfolk sirens (Lair:2)
  A cyclops (D:12)
  Joseph (D:8)
  A torpor snail (Lair:3)
  3 black mambas
  4 cane toads
  2 komodo dragons
  2 trolls
  A polar bear (Lair:1)
  4 dream sheep
  5 blink frogs
  2 ynoxinuls
  5 slime creatures (D:12)
  3 wyverns
  A wraith (D:11)
  A shadow (D:11)
  28 yaks
  Grum (Lair:1)
  2 basilisks
  4 wargs (D:11)
  An acid dragon (D:12)
  5 water moccasins
  4 orc warriors
  4 black bears
  A sky beast (D:5)
  8 wolves
  An ogre (D:5)
  8 centaurs
  A phantom (D:7)
  3 kobold brigands
  3 elf zombies (Ossuary)
  8 bullfrogs
  A gnoll sergeant (D:8)
  A necrophage (D:5)
  5 scorpions
  9 wights
  8 killer bees
  5 electric eels
  6 hounds
  7 human zombies (Ossuary)
  2 centaur zombies (Ossuary)
  9 orc priests
  Crazy Yiuf (D:7)
  A gnoll bouda (D:4)
  3 iron imps (D:4)
  A jelly (D:6)
  6 hell rats (Lair:2)
  6 iguanas
  12 orc wizards
  3 mummies (Ossuary)
  6 adders
  10 gnolls
  A shadow imp (D:6)
  2 white imps
  4 ufetubi
  A worm (D:4)
  37 orcs
  2 ball pythons
  8 endoplasms
  8 giant cockroaches
  10 goblins
  6 hobgoblins
  4 jackals (D:2)
  5 quokkas
  7 bats
  8 frilled lizards
  13 kobolds
  8 rats
362 creatures vanquished.

Vanquished Creatures (collateral kills)
  A death yak (Lair:1)
  A cane toad (Lair:1)
2 creatures vanquished.

Vanquished Creatures (others)
  An acid dragon (D:10)
  8 fungi
  32 plants
41 creatures vanquished.

Grand Total: 405 creatures vanquished

Notes
Turn   | Place    | Note
-------+----------+-------------------------------------------
     0 | D:1      | barkas the Naga Transmuter began the quest for the Orb.
     0 | D:1      | Reached XP level 1. HP: 18/18 MP: 3/3
   313 | D:1      | Found Suesh's Book Emporium.
   347 | D:1      | Reached XP level 2. HP: 25/25 MP: 3/5
   522 | D:1      | Found a faded altar of an unknown god.
  1018 | D:1      | Reached XP level 3. HP: 31/31 MP: 4/6
  1073 | D:2      | Found a stormy altar of Qazlal.
  1079 | D:2      | Found Cathret's Jewellery Shop.
  1212 | D:2      | Reached skill level 4 in Unarmed Combat
  1212 | D:2      | Reached XP level 4. HP: 25/39 MP: 7/7
  2143 | D:3      | Learned a level 2 spell: Wereblood
  2512 | D:3      | Reached XP level 5. HP: 44/45 MP: 6/8
  2514 | D:3      | Got the Compendium of the Scarab
  3068 | D:3      | Reached skill level 1 in Poison Magic
  3157 | D:3      | Learned a level 3 spell: Spider Form
  3264 | D:4      | Reached XP level 6. HP: 49/55 MP: 9/9
  3308 | D:4      | Reached skill level 5 in Unarmed Combat
  3674 | D:4      | Found a burning altar of Makhleb.
  4170 | D:4      | Reached XP level 7. HP: 59/62 MP: 0/10
  4342 | D:4      | Became a worshipper of Makhleb the Destroyer
  4372 | D:5      | Entered Level 5 of the Dungeon
  5034 | D:5      | Reached skill level 6 in Unarmed Combat
  5357 | D:5      | Reached XP level 8. HP: 49/72 MP: 7/11
  5588 | D:5      | Reached skill level 7 in Unarmed Combat
  5949 | D:6      | Reached * piety under Makhleb
  6006 | D:6      | Reached skill level 5 in Transmutations
  6244 | D:6      | Found the +10 morningstar "Eos" {elec, Halo rElec}
  6407 | D:6      | Found a staircase to the Ecumenical Temple.
  6429 | Temple   | Entered the Ecumenical Temple
  7087 | D:6      | Identified the +9 chain mail of the Trombone {rElec rC+
                  | Str+3}
  7136 | D:6      | Learned a level 3 spell: Frozen Ramparts
  7146 | D:6      | Reached skill level 5 in Fighting
  7566 | D:6      | Reached skill level 8 in Unarmed Combat
  7566 | D:6      | Reached skill level 1 in Ice Magic
  7816 | D:7      | Reached XP level 9. HP: 75/81 MP: 8/12
  8865 | D:7      | Found an ornate altar of the Wu Jian Council.
  8891 | D:7      | Found a sacrificial altar of Ru.
  8948 | D:7      | Found the +6 shillelagh "Devastator" {shatter}
  8964 | D:7      | Found a runed translucent door.
  8965 | D:7      | Noticed Crazy Yiuf
  8973 | D:7      | Killed Crazy Yiuf
  8976 | D:7      | Identified the +0 hammer "Gathro" {speed, rF+++ Will+ Dex-2
                  | SInv}
  9039 | D:8      | Noticed a two-headed ogre
  9048 | D:8      | Killed a two-headed ogre
  9049 | D:8      | Reached skill level 9 in Unarmed Combat
  9049 | D:8      | Reached skill level 1 in Invocations
  9082 | D:8      | Found a sand-covered staircase.
  9142 | Ossuary  | Entered an ossuary
  9291 | Ossuary  | Reached XP level 10. HP: 92/92 MP: 10/13
  9303 | Ossuary  | Reached ** piety under Makhleb
  9505 | D:8      | Reached skill level 10 in Unarmed Combat
  9978 | D:8      | Noticed Joseph
  9996 | D:8      | Killed Joseph
 10383 | D:9      | Found an ancient bone altar of Kikubaaqudgha.
 10753 | D:9      | Reached skill level 11 in Unarmed Combat
 11020 | D:9      | Reached *** piety under Makhleb
 11084 | D:9      | Reached skill level 5 in Invocations
 11621 | D:9      | Reached XP level 11. HP: 102/103 MP: 10/14
 11691 | D:10     | Entered Level 10 of the Dungeon
 11849 | D:9      | Reached skill level 1 in Stealth
 12032 | D:10     | Noticed a two-headed ogre
 12051 | D:10     | Killed a two-headed ogre
 12455 | D:10     | Found a staircase to the Lair.
 12653 | D:10     | Reached skill level 12 in Unarmed Combat
 13017 | D:11     | Reached **** piety under Makhleb
 13018 | D:11     | Reached skill level 5 in Stealth
 13065 | D:11     | Found Nuri's Weapon Boutique.
 13241 | D:11     | Noticed a boulder beetle
 13248 | D:11     | Learned a level 4 spell: Ice Form
 13262 | D:11     | Killed a boulder beetle
 13505 | D:11     | Found a staircase to the Orcish Mines.
 13645 | D:11     | Noticed a manticore
 13674 | D:11     | Killed a manticore
 14166 | Lair:1   | Entered Level 1 of the Lair of Beasts
 14274 | Lair:1   | Reached XP level 12. HP: 109/114 MP: 13/17
 14414 | Lair:1   | Noticed Grum
 14441 | Lair:1   | Killed Grum
 14728 | Lair:1   | Noticed a death yak
 14790 | Lair:1   | Reached skill level 13 in Unarmed Combat
 15183 | Lair:1   | Noticed a death yak
 15197 | Lair:1   | Noticed a death yak
 15198 | Lair:1   | Noticed a death yak
 15226 | Lair:1   | Killed a death yak
 15251 | Lair:1   | Noticed a death yak
 15279 | Lair:1   | Noticed a death yak
 15540 | D:12     | Noticed a fire dragon
 15596 | D:12     | Found a flickering gateway to a bazaar.
 15611 | Bazaar   | Entered a bazaar
 15641 | Bazaar   | Found Zahauf's Assorted Antiques.
 15645 | Bazaar   | Bought a scroll labelled BOTASK ESAHUDY for 14 gold pieces
 15645 | Bazaar   | Bought a scroll labelled BOTASK ESAHUDY for 14 gold pieces
 15645 | Bazaar   | Bought a scroll labelled BOTASK ESAHUDY for 14 gold pieces
 15645 | Bazaar   | Bought a warped graven amulet for 70 gold pieces
 15645 | Bazaar   | Identified the amulet of Ufezug {Spirit Harm Drain rPois
                  | Will+} (You bought it in a shop in a bazaar)
 15645 | Bazaar   | Found Kitemm's General Store.
 15645 | Bazaar   | Found Osaxac's Antique Weapon Boutique.
 15646 | Bazaar   | Found Atzum's General Store.
 15671 | Bazaar   | Bought a potion of haste for 110 gold pieces
 15671 | Bazaar   | Bought a wand of iceblast (4) for 105 gold pieces
 15681 | Bazaar   | Bought a wand of light (4) for 235 gold pieces
 15686 | Bazaar   | Bought a potion of heal wounds for 80 gold pieces
 15686 | Bazaar   | Bought a potion of might for 64 gold pieces
 15691 | Bazaar   | Bought a scroll of identify for 22 gold pieces
 15691 | Bazaar   | Bought a scroll of identify for 22 gold pieces
 15724 | D:12     | Noticed a two-headed ogre
 15737 | D:12     | Killed a two-headed ogre
 15738 | D:12     | Noticed a boulder beetle
 15755 | D:12     | Killed a boulder beetle
 15944 | D:12     | Found a portal to a secret trove of treasure.
 15957 | Trove    | Entered a treasure trove
 15962 | Trove    | Identified the +1 helmet of the Barnacle {+Blink rC- Int+8
                  | Slay+4}
 15964 | Trove    | Identified the +0 barding "Cakumiosi" {rN+ Dex+4}
 15971 | Trove    | Identified the +1 barding of the Stone Wall {Regen+ Int+2}
 15972 | Trove    | Identified the +0 barding "Hodyag" {Str+3 Int+3}
 16647 | D:10     | Killed a death yak
 16729 | D:10     | Killed a death yak
 16815 | Lair:1   | Killed a death yak
 16816 | Lair:1   | Reached skill level 5 in Ice Magic
 16930 | D:10     | Killed a death yak
 17025 | Lair:1   | Killed a death yak
 17389 | Lair:2   | Found a staircase to the Shoals.
 17690 | Lair:2   | Reached skill level 10 in Fighting
 17739 | Lair:2   | Gained mutation: You can use your snake-like lower body to
                  | constrict enemies. [Naga growth]
 17739 | Lair:2   | Reached XP level 13. HP: 123/123 MP: 14/19
 18569 | Lair:2   | Reached skill level 14 in Unarmed Combat
 18663 | Lair:2   | Fell from the grace of Makhleb
 18879 | Temple   | Became a worshipper of Cheibriados the Contemplative
 19357 | Lair:3   | Noticed a green death
 19363 | Lair:3   | Killed a green death
 19499 | Lair:3   | Reached * piety under Cheibriados
 19546 | Lair:3   | Noticed an Executioner
 19557 | Lair:3   | HP: 6/124 [Executioner[the fury of Makhleb] (4)]
 19559 | Lair:3   | Mangled by an Executioner

Illustrated notes

Levels and vault maps discovered:
D:1:      amcnicky_arrival_wind_blow, layout_basic,
          ebering_ecumenical_altar_hall, serial_shops, shop
D:2:      cheibrodos_pilgrimage, layout_loops_cross, basic_altar, serial_shops,
          shop
D:3:      layout_loops_corners
D:4:      layout_basic, demons_altar, serial_glass, glass_columns_a,
          glass_columns_a
D:5:      layout_basic
D:6:      layout_loops_corners, minmay_temple_entry_waves,
          kennysheep_generic_room_15
D:7:      layout_rooms, mainiacjoe_overflow_two_lobes, uniq_crazy_yiuf_cottage
D:8:      layout_basic, lightli_ossuary_entry_decrepit_ruins, uniq_joseph
D:9:      old_forge, layout_loops_ring, kiku_gazebo_pond_becter
D:10:     layout_rooms, erik_lair_island
D:11:     layout_loops_ring, minmay_orc_entry_guard_dogs, serial_shops,
          nicolae_shop_crystal
D:12:     layout_layer_cave, serial_shops, bzr_entry_customers,
          nicolae_trove_entry_crossroad, kennysheep_generic_room_11,
          uniq_gastronok
Temple:   dpeg_five_rooms_temple
Lair:1:   layout_misc_corridors, chequers_serial_rivers_micro_b, st_stairs_7,
          grunt_forest_large_clearing_hut, uniq_grum
Lair:2:   layout_roguey, elwin_shoals_entry_stream, grunt_megastairs_2,
          serial_bayou_shore_a
Lair:3:   layout_cave_shapes, minmay_snake_entry_six_corridors,
          wad_woods_river_01, lemuel_fruit_tree, uniq_amaemon

Skill      XL: |  1  2  3  4  5  6  7  8  9 10 11 12 13 |
---------------+----------------------------------------+-----
Fighting       | 2 3 4 5 6 8 9 10 | 10.4
Unarmed Combat | 4 5 6 8 9 11 12 13 14 | 14.4
Transmutations | 3 4 5 6 7 |  7.1
Poison Magic   | 1 2 3 |  3.0
Ice Magic      | 1 4 5 |  5.0
Invocations    | 2 5 7 8 |  8.7
Stealth        | 6 8 9 |  9.8
Spellcasting   | 4 |  4.6
Dodging        | |  1.5

Action                     |  1- 3 |  4- 6 |  7- 9 | 10-12 | 13-15 || total
---------------------------+-------+-------+-------+-------+-------++-------
  Melee: Unarmed           |    39 |   111 |   278 |   520 |   100 ||  1048
         Headbutt          |     7 |     8 |     3 |     5 |       ||    23
         Punch             |     1 |     4 |     2 |    17 |     4 ||    28
         Rapier            |       |     7 |       |     2 |       ||     9
         Constrict         |       |       |       |       |    15 ||    15
   Cast: Beastly Appendage |    15 |    24 |     6 |     1 |       ||    46
         Spider Form       |       |     9 |    52 |    40 |     1 ||   102
         Frozen Ramparts   |       |       |     2 |    56 |     5 ||    63
         Ice Form          |       |       |       |    20 |     7 ||    27
         Wereblood         |       |       |       |     2 |       ||     2
 Invoke: Minor Destruction |       |       |       |    14 |       ||    14
         Lesser Servant of |       |       |       |     2 |       ||     2
         Renounce Religion |       |       |       |       |     1 ||     1
Ability: Spit Poison       |    26 |    51 |    28 |    21 |     6 ||   132
         End Transformatio |       |       |     2 |     2 |       ||     4
  Evoke: Wand              |       |       |       |     8 |     3 ||    11
         Phantom mirror    |       |       |       |     1 |     1 ||     2
    Use: Potion            |       |     2 |       |     2 |     3 ||     7
         Scroll            |       |       |     6 |    11 |       ||    17
   Stab: Distracted        |       |       |     1 |     1 |       ||     2
         Sleeping          |       |       |       |     3 |       ||     3
 Armour: Robe              |     2 |    13 |    15 |    80 |    73 ||   183
         Skin              |       |    14 |     7 |    43 |     7 ||    71
  Dodge: Dodged            |    10 |    51 |   187 |   332 |    56 ||   636

Table legend: (Time is in decaauts)
 A = Elapsed time spent in this place.
 B = Non-inter-level travel time spent in this place.
 C = Inter-level travel time spent in this place.
 D = Time resting spent in this place.
 E = Time spent auto-exploring this place.
 F = Levels seen in this place.
 G = Mean time per level.
                   A        B        C        D        E       F      G
               +--------+--------+--------+--------+--------+-----+--------+
         Total |  23065 |  21320 |   1745 |   4468 |  12327 |  19 | 1213.9 |
       Dungeon |  18145 |  16851 |   1294 |   3479 |   9912 |  12 | 1512.1 |
        Temple |    494 |    362 |    132 |      0 |    345 |   1 |  494.0 |
          Lair |   3919 |   3600 |    319 |    925 |   1965 |   3 | 1306.3 |
        Bazaar |    106 |    106 |      0 |      0 |     64 |   1 |  106.0 |
         Trove |     90 |     90 |      0 |      0 |      0 |   1 |   90.0 |
       Ossuary |    309 |    309 |      0 |     64 |     40 |   1 |  309.0 |
               +--------+--------+--------+--------+--------+-----+--------+

Top non-repeatable levels by time:
     D:6: 2126 daAuts
     D:9: 1911 daAuts
    D:10: 1888 daAuts
  Lair:1: 1873 daAuts
  Lair:2: 1829 daAuts
     D:4: 1761 daAuts
    D:11: 1627 daAuts
     D:7: 1548 daAuts
     D:3: 1470 daAuts
     D:5: 1362 daAuts
     D:1: 1289 daAuts
     D:2: 1186 daAuts
     D:8: 1157 daAuts
    D:12: 815 daAuts
  Temple: 494 daAuts
